 Dungeon Crawl Stone Soup version 0.28-a0-8-g6e044cfa68 (webtiles) character file.

Game seed: 9300415785044726744

39 ipx the Chiller (level 3, -1/19 HPs)
             Began as a Deep Elf Ice Elementalist on July 24, 2021.
             Slain by Grinder (3 damage)
             ... on level 3 of the Dungeon.
             The game lasted 00:10:44 (632 turns).

ipx the Chiller (Deep Elf Ice Elementalist)          Turns: 632, Time: 00:10:45

Health: -1/19      AC:  3    Str:  5    XL:     3   Next: 28%
Magic:  5/9        EV: 12    Int: 20    God:
Gold:   48         SH:  0    Dex: 15    Spells: 1/8 levels left

rFire   . . .      SeeInvis .   b - scroll of identify {unknown}
rCold   . . .      Faith    .   (no shield)
rNeg    . . .      Spirit   .   a - +0 robe
rPois   .          Reflect  .   (no helmet)
rElec   .          Harm     .   (no cloak)
rCorr   .          Rampage  .   (no gloves)
Will    .....                   c - +0 pair of boots
Stlth   ++........              (no amulet)
HPRegen 0.06/turn               (no ring)
MPRegen 0.11/turn               (no ring)

@: freezing walls
A: no striking features
a: no special abilities


You were on level 3 of the Dungeon.
You visited 1 branch of the dungeon, and saw 4 of its levels.

You collected 48 gold pieces.

Inventory:

Armour
 a - a +0 robe (worn)
 c - a +0 pair of boots (worn)
Wands
 e - a wand of paralysis (5)
Scrolls
 b - a scroll of identify (in hand) {unknown}
 d - a scroll of enchant weapon {unknown}


   Skills:
 - Level 2.4 Dodging
 - Level 2.4 Stealth
 - Level 3.0 Spellcasting
 + Level 5.7 Ice Magic


You had one spell level left.
You knew the following spells:

 Your Spells              Type           Power      Damage    Failure   Level
o - Ozocubu's Armour      Ice            25%        N/A       4%          3
r - Frozen Ramparts       Ice            50%        1d7       4%          3
z - Freeze                Ice            100%       1d11      1%          1

Your spell library contained the following spells:

 Spells                   Type           Power      Damage    Failure   Level
 Hailstorm                Conj/Ice       14%        3d5       41%         4


Dungeon Overview and Level Annotations

Branches:
Dungeon (4/15)
 Temple: D:4-7

Altars:
Dithmenos
Xom

Annotations:
D:3 Grinder


Message History

Grinder misses you.
Casting: Frozen Ramparts (quite dangerous; 4% risk of failure)
Confirm with . or Enter, or press ? or * to list all spells.
Aiming: Freeze (safe; 1% risk of failure)
Press: ? - help, Shift-Dir - straight line, f - Grinder
Aim: Grinder You freeze Grinder.
Grinder resists.
Grinder is lightly wounded.
Grinder completely resists.
The wall freezes Grinder but does no damage.
Grinder gestures at you. You resist with significant effort.
Press: ? - help, v - describe, . - travel, g - get item
Here: Grinder (lightly wounded) Item here: 10 stones.
The floor.
Unknown command.
Unknown command.
Aiming: Paralyse
Press: ? - help, Shift-Dir - straight line, f/p - Grinder
Aim: Grinder (lightly wounded, chance to affect: 46%) Grinder resists with some effort.
Grinder resists.
The wall freezes Grinder.
Grinder says, "Don't move a muscle."
Grinder gestures at you. Pain shoots through your body!
Ouch! That really hurt!
Aiming: Paralyse
Press: ? - help, Shift-Dir - straight line, f/p - Grinder
Aim: Grinder (lightly wounded, chance to affect: 46%) Grinder resists with some effort.
Grinder resists.
The wall freezes Grinder.
Grinder hits you.
Aiming: Paralyse
Press: ? - help, Shift-Dir - straight line, f/p - Grinder
Aim: Grinder (lightly wounded, chance to affect: 46%) Grinder resists with some effort.
Grinder resists.
The wall freezes Grinder.
Grinder closely misses you.
Grinder resists.
The wall freezes Grinder.
Grinder hits you.
* * * LOW HITPOINT WARNING * * *
You writhe in agony.
You die...

##########.
#.......5.$ #.#
#5######### #)# #@#
####.# #.# ..#.# #.#
# #.#.# #.# #. ##.#.#
#.####.######.....
####.................
#.....###.#.#........
#.###.# #.........#.#
#.# ..###.#.......#.#


You could see Grinder.

Vanquished Creatures
  An adder (D:2)
  3 dart slugs
  An endoplasm (D:3)
  A giant cockroach (D:2)
  2 goblins (D:1)
  5 hobgoblins
  2 quokkas
  A ball python (D:1)
  3 bats (D:1)
  2 frilled lizards
  2 kobolds
23 creatures vanquished.

Vanquished Creatures (others)
  5 dream sheep (D:3)
5 creatures vanquished.

Grand Total: 28 creatures vanquished

Notes
Turn   | Place    | Note
-------+----------+-------------------------------------------
     0 | D:1      | ipx the Deep Elf Ice Elementalist began the quest for the
                  | Orb.
     0 | D:1      | Reached XP level 1. HP: 10/10 MP: 6/6
   143 | D:1      | Reached XP level 2. HP: 3/15 MP: 4/8
   166 | D:1      | Noticed an eye of devastation
   168 | D:1      | Found a faded altar of an unknown god.
   170 | D:1      | Reached skill level 5 in Ice Magic
   170 | D:1      | Noticed a great orb of eyes
   170 | D:1      | Noticed a floating eye
   170 | D:1      | Noticed a golden eye
   248 | D:2      | Found a shadowy altar of Dithmenos.
   401 | D:2      | Reached XP level 3. HP: 11/19 MP: 5/9
   405 | D:2      | Learned a level 3 spell: Ozocubu's Armour
   474 | D:3      | Noticed a dream sheep
   474 | D:3      | Noticed a dream sheep
   474 | D:3      | Noticed a dream sheep
   474 | D:3      | Noticed a dream sheep
   474 | D:3      | Noticed a dream sheep
   474 | D:3      | Found a shimmering altar of Xom.
   479 | D:3      | Killed a dream sheep
   479 | D:3      | Killed a dream sheep
   479 | D:3      | Killed a dream sheep
   479 | D:3      | Killed a dream sheep
   479 | D:3      | Killed a dream sheep
   618 | D:3      | Noticed Grinder
   626 | D:3      | Learned a level 3 spell: Frozen Ramparts
   632 | D:3      | Slain by Grinder

Illustrated notes

Levels and vault maps discovered:
D:1:      onia_arrival_pyramid, layout_basic,
          hellmonk_ecumenical_altar_watching_god
D:2:      layout_loops_cross, basic_altar, hangedman_decor_diamond_cutter
D:3:      layout_loops_ring, kb_xom_exploding_sheep, lightli_temple_of_fire,
          lightli_sewer_entry_pipes, minmay_checkerbox, uniq_sigmund, uniq_ijyb,
          uniq_grinder, uniq_natasha
D:4:      layout_loops_ring, mainiacjoe_overflow_surrounded_room,
          nicolae_ossuary_entry_giza

Skill      XL: |  1  2 |
---------------+-------+-----
Ice Magic      | 5 |  5.7
Dodging        | |  2.4
Stealth        | |  2.4
Spellcasting   | |  3.0

Action                   || total
-------------------------++-------
 Cast: Freeze            ||    40
       Frozen Ramparts   ||     1
Evoke: Wand              ||     3
Armor: Robe              ||     3
Dodge: Dodged            ||    13

Table legend: (Time is in decaauts)
 A = Elapsed time spent in this place.
 B = Non-inter-level travel time spent in this place.
 C = Inter-level travel time spent in this place.
 D = Time resting spent in this place.
 E = Time spent auto-exploring this place.
 F = Levels seen in this place.
 G = Mean time per level.
                   A        B        C        D        E       F      G
               +--------+--------+--------+--------+--------+-----+--------+
         Total |    657 |    657 |      0 |      0 |      0 |   4 |  164.2 |
       Dungeon |    657 |    657 |      0 |      0 |      0 |   4 |  164.2 |
               +--------+--------+--------+--------+--------+-----+--------+

Top non-repeatable levels by time:
     D:2: 272 daAuts
     D:1: 253 daAuts
     D:3: 127 daAuts
     D:4: 4 daAuts
